AoeStats
← Patk3

Arena

505282677Analyzed
4v4 RM · 25d ago on Sep 8, 2026· 38m 18s· 8 players
Game mode
Random Map
Map size
Large (8 player)
Population
200
Speed
Normal
Resources
Standard
Victory
Conquest
Starting age
Dark Age
Ending age
Imperial Age
RankedLock teamsTeams togetherTeam positionsShared explorationLock speedFull tech treeHidden civsTurbo modeCheats
Victory
Defeat
🇲🇽 Slavs · Mexico
1189
+12
🇷🇺 Britons · Russia
1164
+13
🇩🇪 Dravidians · Germany
1132
+15
🇺🇸 Goths · United States
1098
+17
🇭🇰 Poles · Hong Kong SAR China
1159
-15
🇦🇷 Inca · Argentina
1115
-15
🇦🇷 Portuguese · Argentina
1115
-15
🇦🇷 Khmer · Argentina
1041
-12
Patk3
0:26 Loom
11:15 Feudal Age
15:49 Castle Age
13:47 Double-Bit Axe
14:19 Horse Collar
15:21 Gold Mining
16:46 Bow Saw
23:14 Scale Mail Armor
23:45 Forging
25:14 Squires
26:29 Chain Mail Armor
27:47 Heavy Plow
28:50 Wheelbarrow
29:35 Iron Casting
33:22 Imperial Age
30:30 Pikeman
31:03 Fletching
31:48 Hand Cart
32:40 Bodkin Arrow
35:13 Blast Furnace
34:36 Conscription
33:37 Halberdier
35:08 Perfusion
Darth Joker2673
10:32 Feudal Age
10:41 Loom
14:22 Castle Age
12:29 Double-Bit Axe
12:51 Horse Collar
14:24 Gold Mining
15:30 Bow Saw
17:38 Loom
19:47 Wheelbarrow
20:24 Sanctity
22:23 Hand Cart
23:01 Heavy Plow
23:16 Stone Mining
29:23 Imperial Age
27:01 Padded Archer Armor
27:19 Fortified Wall
27:20 Masonry
27:06 Murder Holes
27:22 Fletching
28:16 Leather Archer Armor
28:13 Bodkin Arrow
28:26 Town Watch
29:08 Ballistics
29:15 Thumb Ring
30:13 Bracer
30:42 Medical Corps
32:06 Ring Archer Armor
31:43 Husbandry
32:51 Chemistry
33:15 Hoardings
33:03 Conscription
32:33 Elite Elephant Archer
38:08 Siege Elephant
KINGUARDIANS
10:46 Feudal Age
12:15 Double-Bit Axe
12:20 Horse Collar
14:59 Castle Age
16:36 Heavy Plow
16:49 Bow Saw
18:04 Loom
21:02 Wheelbarrow
20:12 Town Watch
21:31 Gold Mining
21:38 Stone Mining
24:39 Hand Cart
29:38 Imperial Age
27:34 Detinets
27:50 Town Patrol
28:00 Scale Barding Armor
28:05 Forging
27:59 Husbandry
28:09 Bloodlines
28:31 Light Cavalry
30:04 Gold Shaft Mining
30:17 Iron Casting
30:55 Conscription
32:51 Two-Man Saw
32:27 Crop Rotation
33:06 Blast Furnace
32:34 Fletching
32:34 Cavalier
34:18 Chain Barding Armor
35:04 Ballistics
34:41 Murder Holes
35:03 Bodkin Arrow
34:41 Elite Boyar
36:16 Plate Barding Armor
35:45 Squires
35:05 Pikeman
35:05 Man-at-Arms
35:54 Scale Mail Armor
36:00 Caravan
36:52 Hoardings
38:05 Chain Mail Armor
37:51 Padded Archer Armor
37:15 Halberdier
37:15 Long Swordsman
39:08 Chemistry
38:13 Siege Engineers
38:19 Masonry
38:37 Druzhina
38:09 Sappers
Moa
10:52 Feudal Age
14:36 Castle Age
12:32 Double-Bit Axe
13:10 Horse Collar
15:37 Bow Saw
20:11 Gold Mining
21:43 Wheelbarrow
24:44 Hand Cart
24:14 Loom
24:57 Fortified Wall
25:02 Stone Mining
25:51 Padded Archer Armor
26:52 Gold Shaft Mining
29:37 Imperial Age
27:22 Heavy Plow
27:35 Fletching
28:00 Leather Archer Armor
27:15 Crossbowman
28:37 Ballistics
29:38 Bodkin Arrow
30:37 Bracer
31:39 Chemistry
30:00 Arbalester
31:43 Two-Man Saw
31:59 Ring Archer Armor
31:55 Conscription
33:50 Treadmill Crane
34:15 Siege Engineers
34:06 Murder Holes
34:55 Yeomen
34:35 Warwolf
35:05 Masonry
34:48 Town Watch
35:12 Warwolf
36:53 Hoardings
37:21 Architecture
37:36 Scale Mail Armor
37:46 Forging
37:11 Elite Longbowman
37:17 Elite Longbowman
cl12272003
1:14 Loom
12:38 Feudal Age
13:05 Double-Bit Axe
13:03 Horse Collar
17:43 Castle Age
16:20 Stone Mining
17:50 Town Watch
18:42 Wheelbarrow
18:36 Heavy Plow
19:30 Bow Saw
23:14 Stone Shaft Mining
26:18 Hand Cart
26:46 Town Patrol
27:26 Gold Mining
31:38 Imperial Age
29:04 Treadmill Crane
30:04 Szlachta Privileges
30:47 Pikeman
31:28 Squires
31:32 Scale Mail Armor
31:38 Scale Barding Armor
31:43 Forging
32:37 Chain Mail Armor
33:00 Crop Rotation
32:54 Bloodlines
32:45 Husbandry
32:08 Cavalier
34:15 Chain Barding Armor
34:31 Iron Casting
36:04 Plate Mail Armor
Fretshe
10:03 Feudal Age
10:42 Double-Bit Axe
10:38 Horse Collar
19:04 Castle Age
20:05 Thumb Ring
21:02 Bow Saw
25:25 Fletching
25:35 Padded Archer Armor
27:04 Wheelbarrow
26:56 Bodkin Arrow
27:17 Leather Archer Armor
28:27 Ballistics
29:06 Hand Cart
31:07 Elite Skirmisher
35:34 Pikeman
36:39 Squires
El Adriel
11:25 Feudal Age
15:34 Castle Age
13:56 Horse Collar
16:51 Gold Mining
16:58 Double-Bit Axe
17:15 Heavy Plow
17:11 Stone Mining
19:56 Bow Saw
23:18 Wheelbarrow
28:02 Imperial Age
27:39 Hand Cart
27:12 Town Watch
27:12 Loom
28:44 Elite Organ Gun
30:51 Chemistry
31:14 Conscription
34:36 Stone Shaft Mining
34:09 Arquebus
36:13 Ballistics
Rocklets
3:43 Loom
12:18 Feudal Age
16:40 Castle Age
14:53 Double-Bit Axe
22:31 Bow Saw
22:03 Horse Collar
23:53 Wheelbarrow
26:15 Heavy Plow
28:57 Hand Cart
28:47 Gold Mining
33:32 Imperial Age
31:08 Fletching
32:22 Scale Barding Armor
33:20 Bloodlines
33:11 Husbandry
33:49 Forging
34:28 Chain Barding Armor
35:08 Gold Shaft Mining
34:35 Cavalier
37:12 Light Cavalry
Connection lost

Rejoining the realm…

Still unreachable

The connection could not be restored.

Session expired

The server has moved on; the page needs a fresh start.